 Dungeon Crawl Stone Soup version 0.30-a0-737-gf23d94013f (webtiles) character file.

Game seed: 1717856967235532647

215 mopl the Trooper (level 5, -2/54 HPs)
             Began as an Ogre Gladiator on Feb 2, 2023.
             Slain by a worm (6 damage)
             ... on level 2 of the Dungeon.
             The game lasted 00:02:17 (983 turns).

mopl the Trooper (Ogre Gladiator)                    Turns: 983, Time: 00:02:18

Health: -2/54      AC:  3    Str: 18    XL:     5   Next: 92%
Magic:  5/5        EV: 10    Int:  9    God:
Gold:   46         SH:  0    Dex: 12    Spells: 4/4 levels left

rFire   . . .      SeeInvis .    a - +0 flail
rCold   . . .      Faith    .    (no shield)
rNeg    + . .      Spirit   .    e - +0 robe {rN+}
rPois   .          Reflect  .    c - +0 hat
rElec   .          Harm     .    (no cloak)
rCorr   .          Rampage  .    (gloves unavailable)
Will    .....                    (boots unavailable)
Stlth   +                        (no amulet)
HPRegen 0.29/turn                (no ring)
MPRegen 0.09/turn                (no ring)

@: no status effects
A: large, unfitting armour, tough skin 1
a: no special abilities


You were on level 2 of the Dungeon.
You visited 1 branch of the dungeon, and saw 2 of its levels.

You collected 46 gold pieces.

Inventory:

Hand Weapons
 a - a +0 flail (weapon)
Missiles
 d - 2 throwing nets (quivered)
 g - 4 stones
Armour
 c - a +0 hat (worn)
 e - a +0 robe of positive energy (worn)
Jewellery
 b - a ring of protection from fire
Scrolls
 f - 2 scrolls of enchant armour {unknown}
 h - a scroll of summoning {unknown}
 j - 2 scrolls of identify {unknown}
 k - a scroll of fog {unknown}
 n - a scroll of vulnerability {unknown}
Potions
 i - 2 potions of might {unknown}
 l - a potion of curing {unknown}


   Skills:
 + Level 4.1 Fighting
 * Level 4.0 Maces & Flails
 + Level 3.0 Throwing
 + Level 1.4 Armour
 + Level 3.3 Dodging


You had 4 spell levels left.
You didn't know any spells.
Your spell library was empty.

Dungeon Overview and Level Annotations

Branches:
Dungeon (2/15)

Altars:
Zin

Shops:
D:1 =


Innate Abilities, Weirdness & Mutations

You are too large for most types of armour.
You have tough skin. (AC +1)


Message History

You are too injured to fight recklessly!
You closely miss Natasha. Natasha closely misses you.
You barely miss Natasha. Natasha closely misses you.
You barely miss Natasha. Natasha barely misses you.
You completely miss Natasha. Natasha claws you!
You closely miss Natasha. Natasha casts a spell at you.
The magic dart hits you.
* * * LOW HITPOINT WARNING * * *
Natasha closely misses you.
You closely miss Natasha. Natasha claws you.
* * * LOW HITPOINT WARNING * * *
You closely miss Natasha. Natasha barely misses you.
You closely miss Natasha. Natasha casts a spell at you.
You resist with some effort.
You barely miss Natasha. Natasha claws you.
* * * LOW HITPOINT WARNING * * *
You barely miss Natasha. Natasha claws you!
* * * LOW HITPOINT WARNING * * *
Natasha claws you but does no damage.
Throw: 5 stones
Press: ? - help, Q - select action, (/) - cycle Shift-Dir - straight line, f - Natasha
Aim: Natasha (53% to hit)
You throw a stone. The stone hits Natasha.
Natasha is moderately wounded.
Throw: large rock
Press: ? - help, Q - select action, (/) - cycle Shift-Dir - straight line, f/p - Natasha
Aim: Natasha (moderately wounded, 53% to hit)
You throw a large rock. The large rock hits Natasha!
You kill Natasha!
Natasha yowls pathetically as she dies!
Your Maces & Flails skill increases to level 4!
Your Throwing skill increases to level 3!
You hit the hobgoblin.
You kill the hobgoblin!
You hit the worm.
The worm is moderately wounded.
The worm bites you.
You die...

#.....## #.#
########.~~..~####.#
.........~~~........
#######~..~..##.##..
##.....# .# ##...##
# #.#.# #≈≈≈ #.#...
#... #@##### #...
#w# #... #.# +###
#.. ... ####


You could see a worm.

Vanquished Creatures
  Sigmund (D:2)
  Natasha (D:2)
  2 dart slugs (D:1)
  3 endoplasms
  3 giant cockroaches (D:1)
  A goblin (D:1)
  3 hobgoblins
  3 kobolds
  4 ball pythons
  4 bats (D:1)
  A frilled lizard (D:1)
  6 rats
32 creatures vanquished.

Notes
Turn   | Place    | Note
-------+----------+-------------------------------------------
     0 | D:1      | mopl the Ogre Gladiator began the quest for the Orb.
     0 | D:1      | Reached XP level 1. HP: 22/22 MP: 1/1
   138 | D:1      | Reached XP level 2. HP: 27/29 MP: 2/2
   271 | D:1      | Found Surifo's One-of-a-Kind Rings.
   390 | D:1      | Reached skill level 3 in Maces & Flails
   405 | D:1      | Reached skill level 3 in Fighting
   531 | D:1      | Reached XP level 3. HP: 35/37 MP: 3/3
   682 | D:2      | Found a glowing silver altar of Zin.
   750 | D:2      | Noticed Sigmund
   763 | D:2      | Killed Sigmund
   764 | D:2      | Reached skill level 1 in Armour
   764 | D:2      | Reached skill level 3 in Dodging
   764 | D:2      | Reached XP level 4. HP: 35/48 MP: 4/4
   764 | D:2      | Reached XP level 5. HP: 40/54 MP: 5/5
   947 | D:2      | Reached skill level 4 in Fighting
   963 | D:2      | Noticed Natasha
   981 | D:2      | Killed Natasha
   982 | D:2      | Reached skill level 4 in Maces & Flails
   982 | D:2      | Reached skill level 3 in Throwing
   983 | D:2      | Slain by a worm

Illustrated notes

Levels and vault maps discovered:
D:1:      lordsloth_arrival_two_stooges, layout_loops_ring, nrook_uturn,
          st_stairs_7, wad_floor_pattern_1, nicolae_shop_unique_rings
D:2:      layout_loops_ring, serial_rivers, chequers_serial_rivers_room_a,
          chequers_serial_rivers_micro_c, chequers_serial_rivers_micro_e,
          chequers_serial_rivers_large_a, basic_altar, corner_web_ring,
          uniq_sigmund, uniq_terence, uniq_natasha

Skill      XL: |  1  2  3  4  5 |
---------------+----------------+-----
Maces & Flails | 3 4 |  4.0
Fighting       | 3 4 |  4.1
Armour         | 1 |  1.4
Dodging        | 3 |  3.3
Throwing       | 3 |  3.0

Action                     |  1- 3 |  4- 6 || total
---------------------------+-------+-------++-------
  Melee: Flail             |    68 |    28 ||    96
  Throw: Large rock        |     1 |     1 ||     2
         Throwing net      |     1 |       ||     1
         Stone             |       |     1 ||     1
   Stab: Sleeping          |     2 |       ||     2
 Armour: Robe              |    19 |     6 ||    25
  Dodge: Dodged            |    58 |    14 ||    72

Table legend: (Time is in decaauts)
 A = Elapsed time spent in this place.
 B = Non-inter-level travel time spent in this place.
 C = Inter-level travel time spent in this place.
 D = Time resting spent in this place.
 E = Time spent auto-exploring this place.
 F = Levels seen in this place.
 G = Mean time per level.
                   A        B        C        D        E       F      G
               +--------+--------+--------+--------+--------+-----+--------+
         Total |   1006 |   1003 |      3 |     48 |    712 |   2 |  503.0 |
       Dungeon |   1006 |   1003 |      3 |     48 |    712 |   2 |  503.0 |
               +--------+--------+--------+--------+--------+-----+--------+

Top non-repeatable levels by time:
     D:1: 684 daAuts
     D:2: 321 daAuts
